 Dungeon Crawl Stone Soup version 0.30-b1-2-g02819fbbbe (webtiles) character file.

Game seed: 15398203293864243723

547369 alexzegreat the Conqueror (level 24, -2/241 (249) HPs)
             Began as a Minotaur Berserker on Sept 1, 2023.
             Was the Champion of Trog.
             Killed from afar by a shadow dragon (14 damage)
             ... with a bolt of negative energy
             ... on level 2 of the Realm of Zot.
             The game lasted 03:14:18 (53942 turns).

alexzegreat the Conqueror (Minotaur Berserker)     Turns: 53942, Time: 03:14:22

HP:   -2/241 (249)  AC: 45    Str: 35    XL:     24   Next: 94%
MP:   14/22         EV: 12    Int:  8    God:    Trog [******]
Gold: 6405          SH: 25    Dex:  7    Spells: 23/23 levels left

rFire   + + .        w - +9 broad axe (heavy)
rCold   + + .        R - +5 kite shield {rC+}
rNeg    + . .        D - +9 plate armour "Axeto Ont" {rF++ Str+2}
rPois   .            S - +1 hat {Will+}
rElec   .            E - +4 dragonskin cloak
rCorr   +            H - +1 pair of gloves of Sif Muna's Approval {rN+ Regen+ Dex-5 Slay+2}
SInv    .            f - +0 pair of boots of the Sea {Regen+}
Will    ++++.        d - amulet "Etietsick" {Reflect rC+ Str+3 Int+2 SH+5}
Stlth   x              - ring of Woidew {Fly rCorr}
HPRegen 3.20/turn    J - ring of Deirghach {AC+4 Slay+3}
MPRegen 0.18/turn

%: reflection
@: lethally poisoned (-2 -> -21), strong-willed, on berserk cooldown, flying,
regenerating, slowed, studying 2 skills, lightly drained, very slow
A: horns 2, retaliatory headbutt, claws 1, deterioration 1
}: 3/15 runes: barnacled, silver, gossamer
a: Renounce Religion, Berserk, Trog's Hand, Brothers in Arms


You were on level 2 of the Realm of Zot.
You worshipped Trog.
Trog was exalted by your worship.
You visited 10 branches of the dungeon, and saw 45 of its levels.
You visited the Abyss 1 time.
You visited 1 bazaar.
You also visited: Trove, Bailey, Gauntlet, Ice Cave and Volcano.

You collected 9039 gold pieces.
You spent 2634 gold pieces at shops.

Inventory:

Hand Weapons
 r - a +6 broad axe of venom
 w - a +9 heavy broad axe (weapon)
 Z - a +6 antimagic executioner's axe
Missiles
 a - 5 curare-tipped darts
 v - 4 silver javelins
 y - 5 throwing nets
 O - 23 javelins (quivered)
 U - 4 atropa-tipped darts
Armour
 f - the +0 pair of boots of the Sea (worn) {Regen+}
   (You bought it in a shop in a bazaar)

   Regen:     It increases your rate of health regeneration.
 D - the +9 plate armour "Axeto Ont" (worn) {rF++ Str+2}
   (You found it on level 3 of the Vaults)

   Str:       It affects your strength (+2).
   rF:        It greatly protects you from fire.
 E - the +4 dragonskin cloak (worn)
   (You took it off Tiamat on level 1 of the Realm of Zot)

   Avatar's Aegis: It grants the wearer a chance to resist fire, cold, poison,
   electricity, acid, and negative energy.
 H - the +1 pair of gloves of Sif Muna's Approval (worn) {rN+ Regen+ Dex-5 Slay+2}
   (You acquired it on level 3 of the Elven Halls)

   Dex:       It affects your dexterity (-5).
   Slay:      It affects your accuracy & damage with ranged weapons and melee
   (+2).
   rN:        It protects you from negative energy.
   Regen:     It increases your rate of health regeneration.
 R - a +5 kite shield of cold resistance (worn)
 S - a +1 hat of willpower (worn)
Jewellery
 b - the amulet "Zuyb Saa" {Acrobat rPois rC+ Int+2}
   (You took it off a spriggan air mage on level 1 of the Depths)

   [amulet of the acrobat]

   It increases your evasion while moving and waiting.
   Int:       It affects your intelligence (+2).
   rC:        It protects you from cold.
   rPois:     It protects you from poison.
 d - the amulet "Etietsick" (around neck) {Reflect rC+ Str+3 Int+2 SH+5}
   (You found it on level 5 of the Vaults)

   [amulet of reflection]

   It reflects blocked missile attacks.
   Str:       It affects your strength (+3).
   Int:       It affects your intelligence (+2).
   rC:        It protects you from cold.
   SH:        It affects your SH (+5).
 g - a ring of protection from cold
 x - the ring of Woidew (left hand) {Fly rCorr}
   (You found it on level 5 of the Vaults)

   [ring of flight]

   Fly:       It grants you flight.
   rCorr:     It protects you from acid and corrosion.
 C - a ring of protection from fire
 I - the ring "Yroat" {rC+ Will+ MP+9 Dex+6}
   (You took it off a deep elf elementalist on level 3 of the Elven Halls)

   [ring of dexterity]

   Dex:       It affects your dexterity (+6).
   rC:        It protects you from cold.
   MP:        It affects your magic capacity (+9).
   Will:      It increases your willpower.
 J - the ring of Deirghach (right hand) {AC+4 Slay+3}
   (You acquired it on level 2 of the Shoals)

   [ring of protection]

   AC:        It affects your AC (+4).
   Slay:      It affects your accuracy & damage with ranged weapons and melee
   (+3).
Wands
 i - a wand of light (27)
 k - a wand of digging (9)
 K - a wand of mindburst (19)
 L - a wand of iceblast (52)
Scrolls
 e - 6 scrolls of poison
 l - 8 scrolls of fog
 p - 23 scrolls of teleportation
 t - 8 scrolls of silence
 A - 13 scrolls of blinking
 G - 6 scrolls of fear
 N - 2 scrolls of immolation
 V - 2 scrolls of enchant weapon
 W - 15 scrolls of magic mapping
 Y - 6 scrolls of butterflies
Potions
 c - 12 potions of haste
 m - 13 potions of might
 o - 10 potions of mutation
 q - 7 potions of resistance
 s - 27 potions of curing
 u - 8 potions of heal wounds
 z - 5 potions of cancellation
 B - 10 potions of invisibility
 M - 14 potions of flight
 Q - 10 potions of magic
Miscellaneous
 F - a phial of floods
 P - a phantom mirror
 T - a box of beasts


   Skills:
 O Level 27 Fighting
 O Level 27 Axes
 * Level 13.7 Throwing
 + Level 23.5 Armour
 * Level 14.2 Dodging
 - Level 0.2 Stealth
 + Level 23.6 Shields
 * Level 13.4 Evocations


You had 23 spell levels left.
You didn't know any spells.
Your spell library was empty.

Dungeon Overview and Level Annotations

Branches:
Dungeon (15/15)            Temple (0/1) D:7            Lair (5/5) D:10
 Shoals (4/4) Lair:2       Spider (4/4) Lair:2        Slime (0/5) Lair:4
    Orc (2/2) D:11            Elf (3/3) Orc:2        Vaults (5/5) D:14
  Crypt (1/3) Vaults:2     Depths (4/4) D:15            Zot (2/5) Depths:4
 Bailey (visited)           IceCv (visited)         Volcano (visited)
Gauntlet (visited)

Altars:
Ashenzari
Elyvilon
Gozag
Hepliaklqana
Okawaru
Qazlal
Ru
Sif Muna
Trog
Yredelemnul
Zin

Shops:
D:4 *   D:9 !   D:12 (   Orc:2 (?!*   Elf:1 *   Elf:2 =   Shoals:2 *
Shoals:3 (   Vaults:2 :   Vaults:5 ???   Depths:4 *

Portals:
Hell: Depths:1 Depths:2 Depths:3
Abyss: Depths:1 Depths:2 Depths:3 Depths:4
Pandemonium: Depths:1 Depths:2
Ziggurat: Depths:1

Annotations:
D:10 2 transporters, discopopstar's ghost, journeyman MiFi
D:11 2 runed translucent doors
Zot:2 1 transporter, Belothon's ghost, legendary GnFi


Innate Abilities, Weirdness & Mutations

You have a pair of horns on your head.
You reflexively headbutt those who attack you in melee.
You have sharp fingernails.
Your body sometimes deteriorates upon taking damage.


Message History

You completely miss the green draconian monk.
You are engulfed in poison gas.
You are more poisoned.
You feel very sick.
You block the green draconian's attack. x2
The green draconian monk breathes poison at you.
The blast of poison engulfs you!
You are more poisoned.
* * * LOW HITPOINT WARNING * * *
You completely miss the green draconian monk.
The green draconian monk is moderately wounded.
You slash the green draconian!
You are engulfed in poison gas.
You are more poisoned.
* * * LOW HITPOINT WARNING * * *
You feel extremely sick.
You barely miss the green draconian monk.
Your headbutt misses the green draconian monk.
The green draconian monk is moderately wounded.
You completely miss the green draconian.
You are engulfed in poison gas.
You are more poisoned.
* * * LOW HITPOINT WARNING * * *
You feel extremely sick.
You block the green draconian monk's attack.
The green draconian monk closely misses you.
You block the green draconian monk's attack.
The green draconian monk misses you.
You block the green draconian's attack. x2
You open the green draconian monk like a pillowcase!!!!
Your headbutt misses the green draconian monk.
The green draconian monk is almost dead.
You slash the green draconian!
You kill the green draconian!
Trog accepts your kill.
You are no longer berserk.
You are exhausted.
You feel yourself slow down.
* * * LOW HITPOINT WARNING * * *
You feel extremely sick.
The shadow dragon breathes negative energy at you.
The bolt of negative energy hits you! You partially resist.
You feel drained.
You die...

..........).#######.
^.#.......)))#
###.########)# # #. #<#.#
# # .## #.#.# ... ###
###.....##.#)#...^. ..##
.................d.. .....
#####################.#.##
.... ..○☼☼§q@..°......
###############☼°.........
..............°°☼○☼)./....
....#.########...XD)......
....#..##### #....○†......
..........[..#.##.......##
......©........##.......#
..#########....##.......#
.##8dDDd)8##...##.......#


You could see a shadow dragon (catching breath), a tentacled monstrosity and a
green draconian monk (catching breath).

Vanquished Creatures
  Tiamat (Zot:1)
  2 dread liches
  2 ancient liches
  Mara (Vaults:2)
  Bai Suzhen (Vaults:2)
  14 golden dragons
  2 bone dragons
  Nikola (Spider:2)
  the Enchantress (Depths:4)
  Arachne (Spider:4)
  The ghost of Gerad the Fencer, a veteran VSAK of Lugonu (Elf:2)
  2 hellephants (Vaults:2)
  Mlioglotl (Spider:2)
  5 liches
  8 tentacled monstrosities
  2 deep elf blademasters (Elf:3)
  4 quicksilver dragons
  3 deep elf master archers
  Asterion (Vaults:3)
  7 titans
  Gastronok (D:8)
  The ghost of Lexiwor the Warrior, an adept DsHu of Okawaru (Shoals:2)
  2 sphinxes (Vaults:4)
  A death cob (Zot:1)
  6 tengu reavers
  Agnes (Spider:2)
  4 shadow dragons
  5 tentacled starspawn (Abyss:3)
  Ilsuiw (Shoals:4)
  10 storm dragons
  Roxanne (D:15)
  13 fire giants
  2 iron dragons (Vaults:5)
  Louise (Shoals:1)
  5 deep elf sorcerers
  2 emperor scorpions
  4 draconian knights
  20 vault wardens
  7 ghost moths
  A balrug (Abyss:3)
  12 frost giants
  A draconian scorcher (Zot:2)
  Aizul (Elf:3)
  A draconian stormcaller (Depths:4)
  17 very ugly things
  3 deep elf elementalists
  2 orc warlords
  4 war gargoyles
  A draconian annihilator (Zot:2)
  17 ironbound preservers
  3 spriggan defenders (Depths:4)
  16 stone giants
  2 vampire knights (Depths:1)
  9 deep elf demonologists
  7 ironbound thunderhulks
  A lorocyproca (Depths:2)
  4 black draconians
  4 green draconians
  7 dire elephants
  4 white draconians
  3 starcursed masses (Abyss:3)
  11 deep elf annihilators
  2 purple draconians (Zot:2)
  Nessos (D:13)
  3 spark wasps
  A red draconian (Zot:1)
  5 yellow draconians
  A spark wasp (shapeshifter) (Depths:3)
  2 minotaurs
  The ghost of Leinaam the Severer, a journeyman MiBe of Trog (D:13)
  11 ettins
  Snorg (Orc:2)
  12 merfolk impalers
  14 fire dragons
  4 crystal guardians
  3 merfolk javelineers
  12 deep elf death magi
  Josephine (D:10)
  15 yaktaur captains
  7 deep elf high priests
  4 entropy weavers
  Fannar (Lair:3)
  9 great orbs of eyes
  A rakshasa (D:9)
  4 hydras
  3 salamander tyrants (Depths:4)
  37 vault guards
  An ogre mage (D:11)
  10 centaur warriors
  7 spriggan air magi
  7 ice dragons
  7 peacekeepers
  A merfolk avatar (Shoals:3)
  4 two-headed ogres
  4 radroaches
  6 jorogumos
  An alligator snapping turtle (Shoals:4)
  3 catoblepae (Lair:5)
  9 merfolk aquamancers
  9 boulder beetles
  6 death yaks
  8 tengu warriors
  9 ironbound frosthearts
  2 satyrs (Shoals:4)
  26 dancing weapons
  4 spriggan berserkers
  3 vampire magi
  An orc high priest (Elf:1)
  A deep troll shaman (Depths:3)
  7 deep troll earth magi
  16 deep elf knights
  4 iron trolls
  A fire crab (Gauntlet)
  20 hell knights
  6 skysharks
  3 sun demons (Depths:2)
  3 salamander mystics
  5 pharaoh ants
  3 skeletal warriors (D:15)
  A swamp dragon (shapeshifter) (Elf:1)
  A shadow wraith (Vaults:2)
  35 deep trolls
  4 flayed ghosts
  2 wretched stars (Abyss:3)
  3 sun moths
  25 sea snakes
  14 orb spiders
  6 glowing orange brains
  An obsidian statue (Shoals:2)
  5 phantasmal warriors
  2 swamp dragons
  13 lindwurms
  20 harpies
  8 deep elf archers
  5 orc knights
  15 wizards
  2 orange crystal statues
  7 steelbarb worms
  7 necromancers
  37 deep elf pyromancers
  18 deep elf zephyrmancers
  2 harpies (shapeshifter) (D:11)
  21 ironbound convokers
  16 wolf spiders
  20 cyclopes
  65 ugly things
  23 fauns
  8 orc sorcerers
  23 manticores
  13 moths of wrath
  8 elephants
  10 salamanders (Depths:2)
  Joseph (D:8)
  10 merfolk sirens
  2 water nymphs (Shoals:4)
  5 demonic crawlers
  3 black mambas
  19 vault sentinels
  A smoke demon (Volcano)
  A gargoyle (D:12)
  3 orange demons
  7 cane toads
  A komodo dragon (shapeshifter) (Vaults:5)
  A yaktaur (shapeshifter) (Vaults:5)
  2 efreet
  A rime drake (shapeshifter) (D:15)
  A kobold demonologist (D:13)
  6 torpor snails
  4 unseen horrors
  8 komodo dragons
  Psyche (D:10)
  A naga skeleton (Abyss:3)
  22 rime drakes
  A hellion (Depths:2)
  46 yaktaurs
  4 freezing wraiths
  An ice devil (Depths:2)
  2 red devils
  7 trolls
  6 tengu conjurers
  A silent spectre (Vaults:3)
  2 hellwings (Depths:2)
  4 wind drakes
  9 meliai
  A queen bee (shapeshifter) (Elf:2)
  14 polar bears
  2 wind drakes (shapeshifter)
  17 merfolk
  15 tarantellas
  Prince Ribbit (D:7)
  Grinder (D:6)
  7 hornets
  7 blink frogs
  6 snapping turtles
  6 dream sheep
  22 culicivoras
  A slime creature (shapeshifter) (D:9)
  19 slime creatures
  3 air elementals
  2 centaur simulacra
  A culicivora (shapeshifter) (D:11)
  4 vampires
  7 large abominations
  3 shadows
  A wyvern (Lair:5)
  4 wraiths (D:10)
  A ynoxinul (Abyss:3)
  5 spriggans
  27 jumping spiders
  Eustachio (D:6)
  3 fire elementals
  14 water elementals
  53 yaks
  A human (shapeshifter) (D:11)
  19 humans (D:14)
  9 fire bats
  A fire bat (shapeshifter) (D:9)
  A golden eye (shapeshifter) (Vaults:5)
  3 basilisks
  A chaos spawn (Depths:2)
  Grum (D:8)
  A redback (shapeshifter) (D:13)
  2 neqoxecs
  56 redbacks
  A steam dragon (Bailey)
  8 vampire mosquitoes
  The ghost of PaleRider the Changer, an amateur OpTm (D:4)
  13 water moccasins
  4 acid dragons
  4 hell hounds
  3 wargs
  A floating eye (Depths:1)
  4 swamp drakes (Lair:5)
  26 orc warriors
  A floating eye (shapeshifter) (D:9)
  6 ice beasts
  A black bear (D:7)
  A sky beast (D:7)
  4 boggarts
  16 ogres
  2 small abominations (Abyss:3)
  5 centaurs
  20 wolves
  2 kobold brigands
  An elf zombie (Elf:1)
  3 necrophages (D:9)
  7 bullfrogs
  An earth elemental (Elf:1)
  2 scorpions
  4 wights
  33 killer bees
  3 howler monkeys
  7 electric eels
  A centaur zombie (D:9)
  7 hounds
  A human zombie (D:9)
  17 orc priests
  A jelly (D:6)
  2 iron imps (Abyss:3)
  A sleepcap (D:4)
  5 iguanas
  31 orc wizards
  5 hell rats (Lair:4)
  2 killer bee zombies (D:9)
  2 howler monkey zombies (D:9)
  4 gnolls (D:4)
  8 adders
  2 shadow imps
  2 white imps
  3 ufetubi
  2 worms
  4 dart slugs
  74 orcs
  5 bats
  4 endoplasms
  2 giant cockroaches
  11 goblins
  10 hobgoblins
  5 jackals
  19 kobolds
  A quokka (D:3)
  9 ball pythons
  4 frilled lizards
  5 rats
2029 creatures vanquished.

Vanquished Creatures (collateral kills)
  A deep elf high priest (Vaults:3)
  A satyr (Shoals:3)
  An orc high priest (Orc:2)
  A deep troll (Vaults:3)
  An orc sorcerer (Orc:2)
  2 merfolk sirens (Shoals:3)
  A water nymph (Shoals:3)
  An orc priest (Orc:2)
  3 orc wizards (Orc:2)
  An orc (Orc:2)
13 creatures vanquished.

Vanquished Creatures (others)
  A red draconian (Zot:2)
  An ice dragon (Zot:1)
  A pharaoh ant (Spider:3)
  A wizard (D:12)
  A deep elf pyromancer (Elf:2)
  A demonic crawler (Spider:4)
  2 rime drakes
  A vampire (D:9)
  A boggart (D:15)
  18 fungi
  217 plants
  6 starspawn tentacles (Abyss:3)
  14 withered plants (Gauntlet)
265 creatures vanquished.

Grand Total: 2307 creatures vanquished

Notes
Turn   | Place    | Note
-------+----------+-------------------------------------------
     0 | D:1      | alexzegreat the Minotaur Berserker began the quest for the
                  | Orb.
     0 | D:1      | Reached XP level 1. HP: 19/19 MP: 0/0
   276 | D:1      | Reached XP level 2. HP: 24/27 MP: 1/1
   856 | D:1      | Reached XP level 3. HP: 29/33 MP: 2/2
  1128 | D:2      | Reached ** piety under Trog
  1663 | D:2      | Reached XP level 4. HP: 40/40 MP: 3/3
  1979 | D:3      | You fall into a shaft and drop 1 floor!
  1994 | D:4      | Reached skill level 5 in Axes
  2189 | D:4      | Found a sacrificial altar of Ru.
  2267 | D:4      | Reached XP level 5. HP: 26/47 MP: 4/4
  2351 | D:4      | Found Giawoab's Assorted Antiques.
  2432 | D:4      | Noticed PaleRider's ghost (amateur OpTm)
  2434 | D:4      | Found a transporter.
  2434 | D:4      | Noticed an ogre
  2435 | D:4      | Noticed an ogre
  2435 | D:4      | Noticed an ogre
  2438 | D:4      | Found a transporter.
  2507 | D:4      | Found an opulent altar of Gozag.
  2882 | D:3      | Identified the +1 pair of boots of Xiefus {rPois}
  3093 | D:5      | Entered Level 5 of the Dungeon
  3101 | D:5      | Reached XP level 6. HP: 43/53 MP: 3/5
  3126 | D:5      | Reached *** piety under Trog
  3182 | D:5      | Found the +18 Lear's hauberk
  3450 | D:5      | Noticed an ice beast
  3456 | D:5      | Killed an ice beast
  3457 | D:5      | Reached skill level 5 in Fighting
  3560 | D:5      | Reached XP level 7. HP: 61/61 MP: 6/6
  3980 | D:6      | Found a glowing silver altar of Zin.
  3993 | D:6      | Reached skill level 5 in Armour
  4195 | D:6      | Noticed Grinder
  4218 | D:6      | Killed Grinder
  4422 | D:6      | Noticed Eustachio
  4430 | D:6      | Killed Eustachio
  4431 | D:6      | Reached XP level 8. HP: 70/70 MP: 7/7
  5023 | D:4      | Killed PaleRider's ghost
  5027 | D:4      | Reached skill level 10 in Axes
  5056 | D:4      | Identified the +8 dagger of Greed {venom, Str+3}
  5380 | D:7      | Found a staircase to the Ecumenical Temple.
  5547 | D:7      | Reached XP level 9. HP: 75/75 MP: 6/8
  5646 | D:7      | Reached **** piety under Trog
  6019 | D:7      | Noticed Prince Ribbit
  6028 | D:7      | Killed Prince Ribbit
  6196 | D:7      | Found a broken altar of Ashenzari.
  6202 | D:7      | Reached skill level 5 in Dodging
  6363 | D:8      | Found a flagged portal.
  6415 | Bailey   | Entered a bailey
  6489 | Bailey   | Noticed a two-headed ogre
  6514 | Bailey   | Killed a two-headed ogre
  6515 | Bailey   | Reached XP level 10. HP: 37/86 MP: 5/9
  6971 | D:8      | Found an iron altar of Okawaru.
  6984 | D:8      | Found a white marble altar of Elyvilon.
  6992 | D:8      | Noticed Grum
  7004 | D:8      | Killed Grum
  7119 | D:8      | Noticed Gastronok
  7131 | D:8      | Killed Gastronok
  7132 | D:8      | Reached skill level 1 in Evocations
  7389 | D:8      | Noticed Joseph
  7401 | D:8      | Killed Joseph
  7769 | D:9      | Reached skill level 15 in Axes
  7972 | D:9      | Found Ommig's Distillery.
  7980 | D:9      | Bought a potion of curing for 42 gold pieces
  7980 | D:9      | Bought a potion of invisibility for 112 gold pieces
  8105 | D:9      | Found a basalt altar of Yredelemnul.
  8119 | D:9      | Reached XP level 11. HP: 91/94 MP: 8/10
  8259 | D:9      | Found a stormy altar of Qazlal.
  8277 | D:9      | Reached ***** piety under Trog
  8351 | D:9      | Noticed a rakshasa
  8351 | D:9      | Noticed a deep elf pyromancer
  8351 | D:9      | Noticed an entropy weaver
  8477 | D:10     | Entered Level 10 of the Dungeon
  8537 | D:10     | Found a transporter.
  8537 | D:10     | Noticed discopopstar's ghost (journeyman MiFi)
  8584 | D:10     | Found a transporter.
  8784 | D:10     | Found a hazy altar of Hepliaklqana.
  8785 | D:10     | Found a faded altar of an unknown god.
  8786 | D:10     | Found a faded altar of an unknown god.
  8930 | D:10     | Found a staircase to the Lair.
  9282 | D:10     | Noticed Josephine
  9294 | D:10     | Killed Josephine
  9295 | D:10     | Reached skill level 10 in Armour
  9454 | D:10     | Noticed Psyche
  9466 | D:10     | Killed Psyche
  9788 | D:11     | Noticed a green ugly thing
  9788 | D:11     | Noticed a centaur warrior
  9788 | D:11     | Noticed a deep elf pyromancer
  9788 | D:11     | Noticed a boulder beetle
  9804 | D:10     | Killed a green ugly thing
  9855 | Lair:1   | Entered Level 1 of the Lair of Beasts
 10211 | Lair:1   | Found a dark tunnel.
 10216 | Volcano  | Entered a volcano
 10244 | Volcano  | Noticed a red ugly thing
 10248 | Volcano  | Killed a red ugly thing
 10258 | Volcano  | Reached XP level 12. HP: 77/103 MP: 8/11
 10366 | Volcano  | Received a gift from Trog
 11070 | Lair:2   | Noticed a seven-headed hydra
 11079 | Lair:2   | Killed a four-headed hydra
 11544 | Lair:2   | Found a staircase to the Shoals.
 11650 | Lair:2   | Found a hole to the Spider Nest.
 12030 | Lair:3   | Noticed Fannar
 12044 | Lair:3   | Killed Fannar
 12059 | Lair:3   | Found a gate leading to a gauntlet.
 12077 | Gauntlet | Entered a Gauntlet
 12077 | Gauntlet | Found a transporter.
 12077 | Gauntlet | Found a large runed translucent door.
 12077 | Gauntlet | Found a large runed translucent door.
 12077 | Gauntlet | Found a large runed translucent door.
 12077 | Gauntlet | Found a large runed translucent door.
 12077 | Gauntlet | Found a large runed translucent door.
 12077 | Gauntlet | Found a large runed translucent door.
 12077 | Gauntlet | Found a runed translucent door.
 12077 | Gauntlet | Found a runed translucent door.
 12077 | Gauntlet | Found a large runed translucent door.
 12077 | Gauntlet | Found a large runed translucent door.
 12077 | Gauntlet | Found a large runed translucent door.
 12077 | Gauntlet | Found a large runed translucent door.
 12077 | Gauntlet | Found a large runed translucent door.
 12077 | Gauntlet | Found a large runed translucent door.
 12080 | Gauntlet | Found a transporter.
 12083 | Gauntlet | Noticed a green death
 12097 | Gauntlet | Found a transporter.
 12100 | Gauntlet | Found a transporter.
 12103 | Gauntlet | Noticed a death yak
 12104 | Gauntlet | Noticed a death yak
 12105 | Gauntlet | Noticed a death yak
 12105 | Gauntlet | Noticed a death yak
 12120 | Gauntlet | Found a transporter.
 12130 | Gauntlet | Noticed a death yak
 12131 | Gauntlet | Noticed a death yak
 12133 | Gauntlet | Found a transporter.
 12133 | Gauntlet | Noticed a death yak
 12146 | Gauntlet | Found a transporter.
 12166 | Gauntlet | Found a transporter.
 12170 | Gauntlet | Found a transporter.
 12171 | Gauntlet | Found a runed translucent door.
 12181 | Gauntlet | Found a transporter.
 12191 | Gauntlet | Found a large runed translucent door.
 12192 | Gauntlet | Found a large runed translucent door.
 12197 | Gauntlet | Found a runed translucent gate.
 12197 | Gauntlet | Found a runed translucent gate.
 12197 | Gauntlet | Found a runed translucent gate.
 12199 | Gauntlet | Found a transporter.
 12203 | Gauntlet | Found a transporter.
 12238 | Gauntlet | Found a large runed translucent door.
 12238 | Gauntlet | Found a large runed translucent door.
 12392 | Gauntlet | Identified the +0 hat of Patience {Str+2}
 12497 | Gauntlet | Killed a death yak
 12504 | Gauntlet | Killed a death yak
 12505 | Gauntlet | Killed a death yak
 12557 | Gauntlet | Noticed a minotaur
 12564 | Gauntlet | Killed a minotaur
 12658 | Lair:3   | Reached skill level 10 in Fighting
 12820 | Lair:3   | Reached XP level 13. HP: 111/113 MP: 4/12
 13771 | Lair:4   | Received a gift from Trog
 14045 | Lair:4   | Found a staircase to the Slime Pits.
 14354 | Lair:5   | Entered Level 5 of the Lair of Beasts
 16134 | Lair:5   | Reached XP level 14. HP: 126/126 MP: 4/13
 16183 | Lair:5   | Identified the +1 scale mail of the Armadillo {rN+}
 16262 | Lair:5   | Reached skill level 1 in Throwing
 16264 | Lair:5   | Received a gift from Trog
 17104 | D:11     | Found a staircase to the Orcish Mines.
 17457 | D:11     | Found a runed translucent door.
 17459 | D:11     | Found a runed translucent door.
 17801 | D:11     | Received a gift from Trog
 19347 | D:12     | Found Avviz's Weapon Boutique.
 19382 | D:12     | Found a portal to a secret trove of treasure.
 19394 | D:12     | Reached XP level 15. HP: 131/138 MP: 4/14
 20029 | D:13     | Noticed Nessos
 20032 | D:13     | Killed Nessos
 20181 | D:13     | Found a transporter.
 20211 | D:13     | Found a transporter.
 20215 | D:13     | Noticed Leinaam's ghost (journeyman MiBe)
 20821 | D:13     | Killed Leinaam's ghost
 21423 | D:14     | Found a frozen archway.
 21429 | D:14     | Received a gift from Trog
 21449 | D:14     | Reached skill level 15 in Fighting
 21492 | IceCv    | Entered an ice cave
 21555 | IceCv    | Reached skill level 5 in Throwing
 21847 | IceCv    | Lost intelligence.
 22019 | IceCv    | Reached skill level 10 in Dodging
 22356 | IceCv    | Noticed a frost giant
 22357 | IceCv    | Noticed a frost giant
 22371 | IceCv    | Killed a frost giant
 22377 | IceCv    | Killed a frost giant
 23250 | D:14     | Reached skill level 15 in Armour
 23434 | D:14     | Reached XP level 16. HP: 151/151 MP: 5/15
 23451 | D:14     | Found a gate to the Vaults.
 23871 | D:14     | Found a shimmering blue altar of Sif Muna.
 24002 | Orc:1    | Entered Level 1 of the Orcish Mines
 24661 | Orc:2    | Entered Level 2 of the Orcish Mines
 24661 | Orc:2    | Noticed Snorg
 24670 | Orc:2    | Killed Snorg
 24788 | Orc:2    | Received a gift from Trog
 24899 | Orc:2    | Found Ruthroho's Assorted Antiques.
 24899 | Orc:2    | Found Zer Yddulu's Antique Weapon Shop.
 24899 | Orc:2    | Found Ypiajih's Distillery.
 24935 | Orc:2    | Found Miufo's Magic Scroll Shop.
 24939 | Orc:2    | Bought a potion of degeneration for 14 gold pieces
 24941 | Orc:2    | Bought a scroll of teleportation for 45 gold pieces
 24941 | Orc:2    | Bought a scroll of magic mapping for 112 gold pieces
 24978 | Orc:2    | Found a staircase to the Elven Halls.
 24999 | Orc:2    | Found a gateway to a bazaar.
 25023 | Bazaar   | Entered a bazaar
 25023 | Bazaar   | Found Afaddic's General Store.
 25023 | Bazaar   | Found Mioffet's Jewellery Boutique.
 25023 | Bazaar   | Found Fugix's Book Boutique.
 25023 | Bazaar   | Found Ebleirue's Antique Armour Shop.
 25047 | Bazaar   | Bought a pair of warped boots for 180 gold pieces
 25047 | Bazaar   | Identified the +0 pair of boots of the Sea {Regen+} (You
                  | bought it in a shop in a bazaar)
 25353 | Elf:1    | Entered Level 1 of the Elven Halls
 25387 | Elf:1    | Identified the +3 battleaxe of Absolution {heavy, rC+}
                  | (Trog gifted it to you on level 1 of the Elven Halls)
 25387 | Elf:1    | Received a gift from Trog
 25712 | Elf:1    | Paralysed by an air elemental for 1 turns
 25714 | Elf:1    | Paralysed by an air elemental for 1 turns
 25751 | Elf:1    | Found Keuteim's General Store.
 25754 | Elf:1    | Bought a +2 pair of gloves for 165 gold pieces
 26044 | Elf:1    | Reached ****** piety under Trog
 26459 | Elf:1    | Found Keuteim's General Store.
 26993 | Elf:2    | Found a runed translucent gate.
 26993 | Elf:2    | Found a runed translucent gate.
 26993 | Elf:2    | Found a runed translucent gate.
 26994 | Elf:2    | Noticed Gerad's ghost (veteran VSAK)
 27067 | Elf:1    | Received a gift from Trog
 27215 | Elf:1    | HP: 5/232 [deep elf annihilator/crystal spear (53)]
 27335 | Elf:2    | Found Ysecw's Jewellery Boutique.
 27491 | Elf:2    | Noticed a deep elf master archer
 27493 | Elf:2    | Identified the +0 broad axe of Dismay {holy, Fragile rElec
                  | rPois Str+4}
 27535 | Elf:2    | Found a runed translucent gate.
 27536 | Elf:2    | Found a runed translucent gate.
 27536 | Elf:2    | Found a runed translucent gate.
 27642 | Elf:2    | Reached XP level 17. HP: 134/163 MP: 4/16
 28379 | Elf:2    | Found an iron altar of Okawaru.
 28620 | Elf:2    | Killed a deep elf master archer
 28635 | Elf:2    | Killed Gerad's ghost
 28648 | Elf:2    | Identified the +2 ring mail of Grace {+Blink rPois}
 28801 | Elf:2    | HP: 6/160 [deep elf pyromancer/bolt of fire (18)]
 29459 | Elf:3    | Entered Level 3 of the Elven Halls
 29613 | Elf:3    | Received a gift from Trog
 29862 | Abyss:3  | Cast into level 3 of the Abyss (a deep elf demonologist)
 30026 | Abyss:3  | Reached skill level 1 in Shields
 30164 | Abyss:3  | Found a corrupted altar of Lugonu.
 30172 | Abyss:3  | Noticed a lich
 30178 | Abyss:3  | Killed a lich
 30252 | Elf:3    | Escaped the Abyss
 30265 | Elf:3    | Noticed a Tzitzimitl
 30265 | Elf:3    | Noticed a Tzitzimitl
 30441 | Elf:3    | Paralysed by an air elemental for 1 turns
 30610 | Elf:3    | Identified the ring "Yroat" {rC+ Will+ MP+9 Dex+6}
 30621 | Elf:3    | Reached XP level 18. HP: 178/178 MP: 5/17
 30652 | Elf:3    | Noticed a Tzitzimitl
 30653 | Elf:3    | Identified the +1 dire flail of the Elven Halls {pain,
                  | Int+4}
 30665 | Elf:3    | Received a gift from Trog
 30706 | Elf:3    | Identified the +10 rapier of Lies {heavy, rC+ Str+5}
 30706 | Elf:3    | Identified the +1 robe of the Evening {*Slow Regen+ Int+9
                  | Archmagi}
 30874 | Elf:3    | Noticed a Hell Sentinel
 30897 | Elf:3    | Noticed Aizul
 30898 | Elf:3    | Noticed a Hell Sentinel
 30909 | Elf:3    | Killed Aizul
 31082 | Elf:3    | Identified the ring "Nuuxyxa" {rPois rC- Will+ Int+5
                  | Stlth+}
 31085 | Elf:3    | Identified 3 scrolls of acquirement
 31087 | Elf:3    | Acquired the +1 pair of gloves of Sif Muna's Approval {rN+
                  | Regen+ Dex-5 Slay+2}
 31102 | Elf:3    | Acquired a manual of Shields
 31103 | Elf:3    | Acquired the +1 cloak of Starlight {*Dazzle EV+4 Stlth--}
 31103 | Elf:3    | Found the +1 cloak of Starlight {*Dazzle EV+4 Stlth--}
 31164 | Elf:3    | Identified the staff of earth "Limecice" {rElec rN+++
                  | Dex-3}
 31599 | D:15     | Entered Level 15 of the Dungeon
 31637 | D:15     | Reached skill level 5 in Evocations
 31804 | D:15     | Found a staircase to the Depths.
 32064 | D:15     | Noticed Roxanne
 32312 | D:15     | Killed Roxanne
 32497 | Shoals:1 | Entered Level 1 of the Shoals
 32624 | Shoals:1 | Reached skill level 5 in Shields
 32730 | Shoals:1 | Noticed Louise
 32740 | Shoals:1 | Killed Louise
 33457 | Shoals:2 | Found a runed translucent gate.
 33457 | Shoals:2 | Found a runed translucent gate.
 33457 | Shoals:2 | Found an opulent altar of Gozag.
 33457 | Shoals:2 | Found a runed translucent gate.
 33459 | Shoals:2 | Received a gift from Trog
 33469 | Shoals:2 | Found Ybakead's Assorted Antiques.
 33469 | Shoals:2 | Noticed Lexiwor's ghost (adept DsHu)
 33887 | Shoals:2 | Reached XP level 19. HP: 186/193 MP: 9/18
 34576 | Shoals:2 | Killed Lexiwor's ghost
 34617 | Shoals:2 | Bought a scroll of acquirement for 936 gold pieces
 34647 | Shoals:2 | Acquired the ring of Deirghach {AC+4 Slay+3}
 34792 | Shoals:3 | HP: 14/289 [faun/+0 spear[a satyr] (23)]
 35019 | Shoals:3 | Found Fimn's Weapon Shop.
 35037 | Shoals:3 | Received a gift from Trog
 35082 | Shoals:3 | Reached skill level 10 in Throwing
 35541 | Shoals:4 | Entered Level 4 of the Shoals
 35585 | Shoals:4 | Identified the +0 ring mail of the Old World {rC+ rN++}
 35612 | Shoals:4 | Noticed Ilsuiw
 35635 | Shoals:4 | HP: 14/292 [Ilsuiw/+0 trident of freezing (4)]
 35643 | Shoals:4 | Killed Ilsuiw
 36034 | Shoals:4 | Identified the +0 troll leather armour of the Arcane
                  | {Rampage rF+ Will+ Regen+ Int-4}
 36043 | Shoals:4 | Received a gift from Trog
 36320 | Shoals:4 | Identified the staff of poison "Dinuaxto" {rPois rF+ Dex+5}
 36558 | Shoals:4 | Got a barnacled rune of Zot
 37009 | Spider:1 | Entered Level 1 of the Spider Nest
 37037 | Spider:1 | Identified the +5 broad axe of Caudwu {flame, rPois rC-
                  | Str+4} (Trog gifted it to you on level 1 of the Spider
                  | Nest)
 37037 | Spider:1 | Received a gift from Trog
 37711 | Spider:2 | Noticed Agnes
 37719 | Spider:2 | Killed Agnes
 37800 | Spider:2 | Noticed Mlioglotl
 37811 | Spider:2 | Killed Mlioglotl
 37815 | Spider:2 | Received a gift from Trog
 38065 | Spider:2 | Noticed Nikola
 38073 | Spider:2 | Killed Nikola
 38470 | Spider:3 | Reached XP level 20. HP: 192/207 MP: 6/19
 38519 | Spider:3 | Identified the +12 battleaxe "Sufadim" {flame, Str+3} (Trog
                  | gifted it to you on level 3 of the Spider Nest)
 38519 | Spider:3 | Received a gift from Trog
 38703 | Spider:3 | Reached skill level 10 in Shields
 39090 | Spider:4 | Entered Level 4 of the Spider Nest
 39599 | Spider:4 | Received a gift from Trog
 39605 | Spider:4 | Noticed Arachne
 39613 | Spider:4 | Killed Arachne
 40212 | Spider:4 | Got a gossamer rune of Zot
 40568 | D:12     | You paid a toll of a +7 demon trident to enter a treasure
                  | trove
 40569 | Trove    | Entered a treasure trove
 40721 | Depths:1 | Entered Level 1 of the Depths
 40721 | Depths:1 | Found a one-way gate to the infinite horrors of the Abyss.
 40846 | Depths:1 | Identified the amulet "Zuyb Saa" {Acrobat rPois rC+ Int+2}
 40988 | Depths:1 | Found a one-way gateway to a ziggurat.
 41163 | Depths:1 | Identified the +8 war axe of Avepn {antimagic, *Rage rElec
                  | rCorr SInv} (Trog gifted it to you on level 1 of the
                  | Depths)
 41163 | Depths:1 | Received a gift from Trog
 41565 | Depths:1 | Found a one-way gate leading to the halls of Pandemonium.
 41591 | Depths:1 | Found a gateway to Hell.
 42131 | Depths:1 | Reached XP level 21. HP: 109/221 MP: 6/20
 42471 | Depths:2 | Received a gift from Trog
 42484 | Depths:2 | Found a broken altar of Ashenzari.
 42506 | Depths:2 | Noticed a dread lich
 42508 | Depths:2 | Noticed an ancient lich
 42520 | Depths:2 | Killed an ancient lich
 42521 | Depths:2 | Killed a dread lich
 42757 | Depths:2 | Gained mutation: Your body sometimes deteriorates upon
                  | taking damage. [a neqoxec]
 42762 | Depths:2 | Gained mutation: You have sharp fingernails. [a neqoxec]
 43051 | Depths:2 | Found the +6 Majin-Bo {spellvamp, MP+6 Int+6}
 43295 | Depths:3 | Reached skill level 27 in Fighting
 43390 | Depths:3 | Identified the +0 robe of the Meager God {rC++ Int+2 Dex-3
                  | SInv}
 43504 | Depths:3 | Found a stormy altar of Qazlal.
 43660 | Depths:3 | Received a gift from Trog
 44371 | Depths:4 | Entered Level 4 of the Depths
 44371 | Depths:4 | Found Igarph's Assorted Antiques.
 44391 | Depths:4 | Bought a scroll of teleportation for 93 gold pieces
 44563 | Depths:4 | Noticed the Enchantress
 44573 | Depths:4 | Killed the Enchantress
 44883 | Depths:4 | Noticed a golden dragon
 44899 | Depths:4 | Killed a golden dragon
 44906 | Depths:4 | Reached skill level 10 in Evocations
 44938 | Depths:4 | Found a gate to the Realm of Zot.
 45001 | Depths:4 | Found the +3 salamander hide armour {Flames, rFlCloud rF++
                  | rC--}
 45417 | Vaults:1 | Entered Level 1 of the Vaults
 45533 | Vaults:1 | Reached XP level 22. HP: 233/233 MP: 21/21
 45546 | Vaults:1 | Received a gift from Trog
 45600 | Vaults:1 | Identified the +3 scale mail of Jintuol {Rampage Fly rF-
                  | Regen+}
 45836 | Vaults:1 | You fall into a shaft and drop 1 floor!
 45924 | Vaults:2 | Found Huunaej's Book Shop.
 45988 | Vaults:2 | Reached skill level 15 in Shields
 46111 | Vaults:2 | Noticed Bai Suzhen
 46131 | Vaults:2 | Killed Bai Suzhen
 46448 | Vaults:2 | Found a huge runed gate.
 46448 | Vaults:2 | Found a huge runed gate.
 46448 | Vaults:2 | Found a huge runed gate.
 46448 | Vaults:2 | Found a huge runed gate.
 46448 | Vaults:2 | Found a huge runed gate.
 46448 | Vaults:2 | Found a huge runed gate.
 46449 | Vaults:2 | Found a huge runed gate.
 46450 | Vaults:2 | Found a huge runed gate.
 46450 | Vaults:2 | Found a huge runed gate.
 46452 | Vaults:2 | Found a huge runed gate.
 46452 | Vaults:2 | Found a huge runed gate.
 46452 | Vaults:2 | Found a huge runed gate.
 46452 | Vaults:2 | Found a huge runed gate.
 46452 | Vaults:2 | Found a huge runed gate.
 46452 | Vaults:2 | Found a huge runed gate.
 46453 | Vaults:2 | Found a huge runed gate.
 46454 | Vaults:2 | Found a huge runed gate.
 46455 | Vaults:2 | Found a huge runed gate.
 46463 | Vaults:2 | Found a huge runed gate.
 46463 | Vaults:2 | Found a huge runed gate.
 46463 | Vaults:2 | Found a huge runed gate.
 46463 | Vaults:2 | Found a huge runed gate.
 46463 | Vaults:2 | Found a huge runed gate.
 46463 | Vaults:2 | Found a huge runed gate.
 46464 | Vaults:2 | Found a huge runed gate.
 46465 | Vaults:2 | Found a huge runed gate.
 46466 | Vaults:2 | Found a huge runed gate.
 46474 | Vaults:2 | Found a huge runed gate.
 46474 | Vaults:2 | Found a huge runed gate.
 46474 | Vaults:2 | Found a huge runed gate.
 46474 | Vaults:2 | Found a huge runed gate.
 46474 | Vaults:2 | Found a huge runed gate.
 46474 | Vaults:2 | Found a huge runed gate.
 46475 | Vaults:2 | Found a huge runed gate.
 46548 | Vaults:2 | Found a huge runed gate.
 46556 | Vaults:2 | Found a huge runed gate.
 46788 | Vaults:2 | Noticed Mara
 46813 | Vaults:2 | Noticed alexzegreat's illusion
 46820 | Vaults:2 | Killed Mara
 46855 | Vaults:2 | Found a staircase to the Crypt.
 47075 | Vaults:2 | Received a gift from Trog
 47173 | Vaults:2 | Identified the +3 quarterstaff "Jitiy" {freeze, Str+5}
 47776 | Vaults:1 | Received a gift from Trog
 48031 | Crypt:1  | Entered Level 1 of the Crypt
 48199 | Vaults:3 | Reached skill level 27 in Axes
 48460 | Vaults:3 | Reached XP level 23. HP: 214/240 MP: 22/22
 48496 | Vaults:3 | Received a gift from Trog
 48602 | Vaults:3 | Noticed Asterion
 48609 | Vaults:3 | Killed Asterion
 48631 | Vaults:3 | Found a transporter.
 48798 | Vaults:3 | Found a transporter.
 48798 | Vaults:3 | Found a runed translucent door.
 48798 | Vaults:3 | Found a bloodstained altar of Trog.
 48798 | Vaults:3 | Found the necklace of Bloodlust {Fury *Rage Will++ Int-3
                  | Slay+6}
 48921 | Vaults:3 | Identified the +9 plate armour "Axeto Ont" {rF++ Str+2}
 49180 | Vaults:4 | Received a gift from Trog
 49612 | Vaults:4 | Received a gift from Trog
 50077 | Vaults:5 | Entered Level 5 of the Vaults
 50173 | Vaults:5 | Received a gift from Trog
 50229 | Vaults:5 | Identified the +1 dagger of Jirae {drain, Str+4}
 50282 | Vaults:5 | Identified the amulet "Etietsick" {Reflect rC+ Str+3 Int+2
                  | SH+5}
 50422 | Vaults:5 | Identified the ring of Woidew {Fly rCorr}
 50439 | Vaults:5 | Identified the +0 rapier "Orb Guardian's Doom" {freeze,
                  | rCorr Dex+2}
 50517 | Vaults:5 | Noticed an ancient lich
 50517 | Vaults:5 | Identified the +5 spear "Jitwuoxt" {heavy, Will+ Dex+2}
 50521 | Vaults:5 | Found Puhusegid's Magic Scroll Shoppe.
 50528 | Vaults:5 | Killed an ancient lich
 50559 | Vaults:4 | Reached XP level 24. HP: 38/249 MP: 22/22
 50910 | Vaults:5 | Bought a scroll of blinking for 105 gold pieces
 50910 | Vaults:5 | Bought a scroll of enchant weapon for 105 gold pieces
 50910 | Vaults:5 | Bought a scroll of fog for 56 gold pieces
 51099 | Vaults:5 | Noticed a dread lich
 51100 | Vaults:5 | Paralysed by a dread lich for 5 turns
 51107 | Vaults:5 | Killed a dread lich
 51301 | Vaults:5 | Found Segoweot's Magic Scroll Boutique.
 51306 | Vaults:5 | Bought a scroll of teleportation for 45 gold pieces
 51306 | Vaults:5 | Bought a scroll of teleportation for 45 gold pieces
 51306 | Vaults:5 | Bought a scroll of teleportation for 45 gold pieces
 51306 | Vaults:5 | Bought a scroll of butterflies for 60 gold pieces
 51306 | Vaults:5 | Bought a scroll of teleportation for 45 gold pieces
 51306 | Vaults:5 | Bought a scroll of butterflies for 60 gold pieces
 51339 | Vaults:5 | Found Bivvyt's Magic Scroll Boutique.
 51343 | Vaults:5 | Bought a scroll of silence for 123 gold pieces
 51343 | Vaults:5 | Bought a scroll of poison for 52 gold pieces
 51343 | Vaults:5 | Bought a scroll of enchant armour for 97 gold pieces
 51343 | Vaults:5 | Bought a scroll of enchant weapon for 97 gold pieces
 51343 | Vaults:5 | Identified the +0 ring mail of Impatience {Stlth+}
 51420 | Vaults:5 | Got a silver rune of Zot
 51857 | D:11     | Received a gift from Trog
 51924 | D:9      | Paralysed by a floating eye for 2 turns
 51975 | D:9      | Identified the +4 falchion of Termination {spect, rElec rN+
                  | Str-4}
 52338 | Zot:1    | Entered Level 1 of the Realm of Zot
 52906 | Zot:1    | Found the +4 dragonskin cloak
 52906 | Zot:1    | Noticed Tiamat
 53114 | Zot:1    | Killed Tiamat
 53421 | Zot:1    | Identified the +7 dagger of Zolative {holy, Dex+2}
 53878 | Zot:2    | Noticed Belothon's ghost (legendary GnFi)
 53890 | Zot:2    | Found a transporter.
 53909 | Zot:2    | Received a gift from Trog
 53942 | Zot:2    | HP: 12/244 [poisoned by a green draconian monk (poison
                  | gas)]
 53942 | Zot:2    | Killed from afar by a shadow dragon

Illustrated notes

Levels and vault maps discovered:
D:1:      mrwooster_arrival_statue, layout_basic
D:2:      layout_loops_ring, minmay_pentomino_o2
D:3:      layout_rooms
D:4:      layout_rooms, nicolae_ru_great_annihilating_truth,
          nicolae_gozag_seed_capital, serial_shops, shop, gammafunk_ghost_smash
D:5:      layout_basic, dk_rats_in_the_wall
D:6:      layout_basic, mainiacjoe_overflow_surrounded_room, uniq_grinder,
          uniq_eustachio
D:7:      minmay_bubble_buster, layout_basic, kennysheep_little_box,
          minmay_temple_entry_junction, uniq_prince_ribbit1
D:8:      layout_loops_corners, okawaru_trees_2, elyvilon_altar_5,
          enter_bailey_5, uniq_joseph, uniq_gastronok, uniq_grum
D:9:      layout_rooms, lemuel_mausoleum_altar_yredelemnul, lemuel_doored_altar,
          serial_shops, shop, minivault_12
D:10:     layout_stronghold, nicolae_hepliaklqana_ecumenical_no_more,
          hellmonk_lair_entry_icy, gammafunk_ghost_stat_death, fountainhead,
          uniq_josephine, uniq_psyche
D:11:     minmay_the_grid_four_pointed_star
          [minmay_the_grid_triangle_9x9_longest,
          minmay_the_grid_triangle_9x9_tough_junction,
          minmay_the_grid_triangle_9x9_windchime,
          minmay_the_grid_triangle_9x9_impossible_snake,
          minmay_the_grid_prize_four_corners], layout_cave_pools,
          hiddenorc2_lemuel, minivault_28
D:12:     minmay_tri_stars, layout_basic, nicolae_trove_entry_free_sample,
          serial_shops, nicolae_shop_bloodbath_and_beyond
D:13:     layout_layer_cave, nzn_ghost_randoct, kennysheep_windowed_goal,
          uniq_nessos
D:14:     layout_roguey, grunt_vaults_entry_tiered,
          portal_ice_cave_entry_ugly_swarm, tgw_sif
D:15:     grunt_enter_depths_giant_problem, layout_irregular_city,
          hangedman_decor_points, uniq_roxanne
Lair:1:   layout_regular_city, nicolae_volcano_entry_lava_flow,
          beast_lair_carwin_11, grunt_megastairs_5
Lair:2:   layout_layer_cave, shoals_dummy_entry,
          hellmonk_spider_entry_not_the_bees, serial_rivers,
          chequers_serial_rivers_micro_c, chequers_serial_rivers_micro_c,
          chequers_serial_rivers_micro_d, chequers_serial_rivers_small_a,
          chequers_serial_rivers_micro_d, chequers_serial_rivers_small_3
Lair:3:   layout_chaotic_city, gauntlet_entry_generic,
          infiniplex_staircase_pool_2, uniq_fannar
Lair:4:   layout_misc_corridors, slime_entry_1, lemuel_old_faithful,
          grunt_megastairs_3, serial_bayou_shore_b
Lair:5:   hangedman_lair_in_review, layout_layer_cave, guppyfry_lair_end_dragon,
          dreamdust_mushroom_princess
Shoals:1: cheibrodos_shoals_gigantism, layout_shoals, uniq_louise
Shoals:2: cheibrodos_shoals_three_sisters, layout_shoals, ebering_ghost_gozag
Shoals:3: layout_shoals, serial_shops, shop
Shoals:4: shoals_end_grunt_garden, layout_shoals, shoal_ilsuiw
Spider:1: layout_spider_delve
Spider:2: layout_spider_delve, uniq_nikola, uniq_agnes, uniq_mlioglotl
Spider:3: layout_spider_delve
Spider:4: johnstein_spider_rune_arachne_lair
Orc:1:    layout_caves
Orc:2:    st_orc_mages, layout_caves, serial_shops, bzr_entry_water,
          basic_altar, uniq_snorg
Elf:1:    layout_geoelf_diagonals, serial_shops, shop, minmay_elf_annihilation,
          minmay_elf_necromancy
Elf:2:    nicolae_elf_blades_crystal_corner, layout_loops_cross,
          gammafunk_ghost_fury_of_okawaru, serial_shops, shop_statue,
          serial_co_window_serial, co_window_paths_a, co_window_corner_a,
          co_window_corner_a, co_window_corner_a, co_window_cross_1,
          co_window_of_opportunity_c, co_window_of_opportunity_b,
          co_window_broadway_a, co_window_paths_e, co_window_4corner_b,
          glass_columns_a
Elf:3:    elf_hall, layout_loops_ring, uniq_aizul
Vaults:1: v_misc_27, nicolae_vaults_house_1, nicolae_vaults_tetromino_Z_2,
          v_rooms_5, nicolae_vaults_storage_room_water,
          hangedman_vaults_stretched_pinwheel, nicolae_vaults_closet_pinwheel_5,
          v_misc_27, hangedman_vaults_impose, nicolae_vaults_storage_closets_2,
          vaults_room_stairs_pillars, hangedman_vaults_impose,
          nicolae_vaults_branching_niches, ontoclasm_vaults_chip,
          nicolae_vaults_trapezoid_4, layout_vaults_omnibox
Vaults:2: nicolae_vaults_house_3, not_door_vault_due,
          ontoclasm_vaults_loading_screen, nicolae_vaults_network_square,
          minmay_crypt_entry_simple_box, v_rooms_3, layout_vaults_omnigrid,
          serial_shops, shop, uniq_bai_suzhen, uniq_mara
Vaults:3: vaults_dpeg_hooks, emtedronai_trogs_sanctum, v_misc_11,
          nicolae_vaults_tetromino_T_1, v_misc_29,
          nicolae_vaults_surprise_closet, v_misc_11, dpeg_vaults_monster_box,
          layout_vaults_maze_bifur, uniq_asterion
Vaults:4: nicolae_vaults_heart-shaped_vault, ontoclasm_vaults_fault, v_rooms_5,
          v_misc_16, vaults_room_fours, vaults_dpeg_spiral,
          nicolae_vaults_ninety_degrees, nicolae_vaults_sightless_eye,
          nicolae_vaults_six-pack, hangedman_vaults_stretched_pinwheel,
          layout_vaults_ring
Vaults:5: serial_shops
Crypt:1:  layout_regular_city, grunt_megastairs_1, uniq_sojobo, uniq_margery
Depths:1: minmay_textured_paths, layout_gridlike, enter_ziggurat_f,
          serial_aquarium, aquarium_bridge_straight [aquarium_subvault_bridge,
          aquarium_subvault_wall, aquarium_subvault_bridge,
          aquarium_subvault_window], aquarium_window_2, aquarium_window_fake,
          aquarium_window_corner, aquarium_view_2f, pan_entry, hell_entry,
          abyss_entry, nrook_uturn, firewood_loft
Depths:2: minmay_guarded_unrand_majin_bo, layout_cave_pools, abyss_entry,
          hellmouth_1, grunt_pan_entry_zigzag, ashenzari_altar_1,
          serial_bayou_shore_a
Depths:3: kennysheep_bubble_arena, layout_gridlike, serial_sigils,
          serial_sigils_hangedman_scar, serial_sigils_hangedman_scratch,
          serial_sigils_hangedman_quiver, serial_sigils_hangedman_snap,
          serial_sigils_hangedman_gut, nicolae_qazlal_eye_of_the_storm,
          abyss_entry, hell_entry
Depths:4: evilmike_zot_entry_hall, layout_cross, hell_entry,
          minmay_misc_feat_secret_circle, serial_shops, shop,
          nicolae_shop_tiny_real_fake_doors, abyss_entry,
          hellmonk_guarded_unrand_salamander, uniq_frederick, uniq_enchantress
Zot:1:    layout_misc_corridors, st_grand_hoard_of_tiamat, uniq_josephina
Zot:2:    layout_basic, gammafunk_ghost_arena

Skill      XL: |  1  2  3  4  5  6  7  8  9 10 11 12 13 14 15 16 17 18 19 20 21 22 23 24 |
---------------+-------------------------------------------------------------------------+-----
Axes           | 4 5 6 7 8 10 13 15 18 20 21 22 23 24 27 | 27.0
Fighting       | 4 5 6 7 8 10 12 14 15 17 20 22 24 26 27 | 27.0
Dodging        | 3 4 5 6 8 9 10 11 12 13 14 | 14.2
Armour         | 3 4 5 7 8 9 10 11 13 14 15 16 17 18 19 21 22 23 | 23.5
Evocations     | 1 2 4 5 7 8 10 11 13 | 13.4
Throwing       | 4 5 7 8 9 10 11 12 13 | 13.7
Shields        | 2 6 9 11 14 17 21 23 | 23.6
Stealth        | |  0.2

Action                     |  1- 3 |  4- 6 |  7- 9 | 10-12 | 13-15 | 16-18 | 19-21 | 22-24 || total
---------------------------+-------+-------+-------+-------+-------+-------+-------+-------++-------
  Melee: Hand axe          |    82 |   159 |   128 |     9 |       |       |       |       ||   378
         Headbutt          |     8 |    30 |    43 |    80 |   167 |   237 |   335 |   274 ||  1174
         Punch             |     1 |     2 |     4 |       |       |       |       |       ||     7
         War axe           |       |       |    84 |       |       |       |       |       ||    84
         Battleaxe         |       |       |       |   294 |    17 |       |       |       ||   311
         Executioner's axe |       |       |       |    93 |   830 |  1077 |  1147 |       ||  3147
         Broad axe         |       |       |       |       |       |       |   127 |   955 ||  1082
  Throw: Dart              |       |     2 |       |       |    17 |       |       |       ||    19
         Javelin           |       |       |     2 |       |       |    19 |     2 |       ||    23
         Boomerang         |       |       |       |     1 |       |       |       |       ||     1
 Invoke: Berserk           |       |     2 |     4 |     8 |    11 |    12 |     6 |     6 ||    49
         Trog's Hand       |       |       |     1 |     3 |     8 |    13 |     4 |     7 ||    36
         Brothers in Arms  |       |       |       |       |     1 |     4 |     2 |     6 ||    13
  Evoke: Wand              |       |       |     5 |     3 |     1 |    11 |    44 |     2 ||    66
         Phantom mirror    |       |       |       |       |       |       |     1 |       ||     1
    Use: Potion            |       |     1 |       |     1 |     1 |     3 |     2 |     3 ||    11
         Scroll            |       |       |       |    10 |     6 |    16 |     8 |    15 ||    55
   Stab: Paralysed         |       |     1 |       |       |       |       |       |       ||     1
         Petrified         |       |       |       |       |     2 |       |       |       ||     2
         Invisible         |       |       |       |       |       |     8 |    13 |     8 ||    29
         Distracted        |       |       |       |       |       |       |       |     1 ||     1
 Armour: Animal skin       |    15 |       |       |       |       |       |       |       ||    15
         Chain mail        |    18 |    68 |   130 |   253 |   650 |       |       |       ||  1119
         Crystal plate arm |       |       |       |       |    44 |   673 |   997 |   308 ||  2022
         Plate armour      |       |       |       |       |       |       |       |   323 ||   323
  Dodge: Dodged            |    53 |    85 |   104 |   214 |   504 |   390 |   688 |   564 ||  2602
  Block: Kite shield       |       |       |       |       |       |       |    57 |   786 ||   843
         Reflection        |       |       |       |       |       |       |       |     6 ||     6
